 Dungeon Crawl Stone Soup version 0.28-a0-48-gfd831c5874 (webtiles) character file.

Game seed: 3552748746879416857

2947 Strat the Cleaver (level 9, -4/72 HPs)
             Began as a Palentonga Berserker on July 29, 2021.
             Was a Priest of Trog.
             Slain by an orc warrior (6 damage)
             ... on level 6 of the Dungeon.
             The game lasted 00:12:16 (8374 turns).

Strat the Cleaver (Palentonga Berserker)            Turns: 8374, Time: 00:12:17

Health: -4/72      AC: 15    Str: 24    XL:     9   Next: 51%
Magic:  9/9        EV:  6    Int: 13    God:    Trog [***...]
Gold:   221        SH:  0    Dex: 10    Spells: 8/8 levels left

rFire   . . .      SeeInvis +   a - +1 war axe
rCold   . . .      Faith    .   (no shield)
rNeg    + . .      Spirit   .   r - +1 chain mail
rPois   .          Reflect  .   G - +2 helmet
rElec   .          Harm     .   (no cloak)
rCorr   .          Rampage  .   (no gloves)
Will    .....                   (no barding)
Stlth   ..........              (no amulet)
HPRegen 0.22/turn               g - ring of positive energy
MPRegen 0.11/turn               i - +6 ring of intelligence

@: corroded, on berserk cooldown, slowed, curled up, very slow
A: large, rugged brown scales 3, see invisible, deformed body, roll 1, armoured
tail, reflexive curl
a: Rolling Charge, Renounce Religion, Berserk, Trog's Hand


You were on level 6 of the Dungeon.
You worshipped Trog.
Trog was most pleased with you.
You visited 1 branch of the dungeon, and saw 7 of its levels.

You collected 221 gold pieces.

Inventory:

Hand Weapons
 a - a +1 war axe (weapon)
 b - a +0 hunting sling
 s - a +2 whip of electrocution
Missiles
 e - 2 javelins
 f - 161 stones
 m - a throwing net
 y - 17 poisoned darts
Armour
 r - a +1 chain mail (worn)
 G - a +2 helmet (worn)
Jewellery
 g - a ring of positive energy (left hand)
 i - a +6 ring of intelligence (right hand)
 l - a +6 ring of intelligence
 o - an amulet of faith
 t - a ring of fire
Wands
 d - a wand of flame (18)
 q - a wand of iceblast (13)
 v - a wand of paralysis (11)
 w - a wand of polymorph (10)
Scrolls
 c - a scroll of teleportation
 p - a scroll of immolation {unknown}
 z - a scroll of enchant armour
 B - a scroll of identify
Potions
 h - a potion of ambrosia
 j - 2 potions of mutation {unknown}
 k - 3 potions of invisibility
 n - a potion of might {unknown}
 u - 2 potions of heal wounds {unknown}
 x - a potion of degeneration {unknown}
 A - a potion of haste {unknown}
 C - a potion of magic {unknown}
 F - 3 potions of curing {unknown}


   Skills:
 - Level 5.0 Fighting
 + Level 11.9 Axes
 - Level 4.0 Armour
 - Level 1.6 Dodging


You had 8 spell levels left.
You didn't know any spells.
Your spell library was empty.

Dungeon Overview and Level Annotations

Branches:
Dungeon (7/15)             Temple (0/1) D:5

Altars:
Qazlal

Shops:
D:3 [   D:6 *   D:7 *

Annotations:
D:7 Joseph


Innate Abilities, Weirdness & Mutations

You are completely covered in rugged brown scales. (AC +3, +7% HP)
You have supernaturally acute eyesight. (SInv)
Armour fits poorly on your strangely shaped body.
You can roll at nearby foes to attack.
You have a long armoured tail.
You curl defensively after being hit.


Message History

You slice the centaur!!
You feel the power of Trog in you as your rage grows.
You kill the centaur!
Trog accepts your kill.
You hear a shout!
A jelly, an orc and an orc wizard come into view.
The jelly quivers.
The orc wizard shouts!
The orc shouts!
You hear a shout!
Things that are here:
a +0 shortbow; 14 arrows You feel a strong urge to attack something.
An orc comes into view. It is wielding a +0 morningstar.
You are no longer berserk.
You are exhausted.
You feel yourself slow down.
The orc shouts!
The orc wizard mumbles some strange words.
The orc wizard flickers and vanishes for a moment.
An orc warrior comes into view. It is wielding a +0 mace.
The jelly hits you but does no damage. The orc hits you but does no damage.
The jelly hits you but does no damage. The jelly hits you.
* * * LOW HITPOINT WARNING * * *
The acid corrodes you!
You are splashed with acid!
* * * LOW HITPOINT WARNING * * *
The orc closely misses you.
The orc warrior hits you with a +0 mace!
* * * LOW HITPOINT WARNING * * *
The orc hits you but does no damage. The orc warrior barely misses you.
There is a stone staircase leading up here.
The orc hits you but does no damage.
The orc warrior hits you with a +0 mace.
* * * LOW HITPOINT WARNING * * *
You climb upwards.
There is a stone staircase leading down here.
The orc closely misses you.
The orc warrior hits you with a +0 mace!
* * * LOW HITPOINT WARNING * * *
The orc warrior hits you with a +0 mace.
You die...

....<.......#........## ##
............###.......### ##.
....................#...# #..
............##......#...# #.#
............##..........# #.#
...............#....#...#######.#
...............#....#.......#...#
..............##......>.###......
...##.........<.@oo.....####.....
...###.......#......#>.....#.....
...# #.......#......######.......
...# #..............# ###.....
...# #......##......# #..... ...#
#..[...##......# #..... .<.#
#########......# ###### ...#
#......# ..># #......#


You could see an orc warrior and an orc.

Vanquished Creatures
  Pikel (D:4)
  A kobold demonologist (D:5)
  Prince Ribbit (D:5)
  Sigmund (D:4)
  An acid dragon (D:5)
  2 water moccasins
  Purgy (D:4)
  2 sky beasts
  3 necrophages
  A centaur (D:7)
  3 lemures (D:4)
  A phantom (D:5)
  Blork the orc (D:5)
  A scorpion (D:6)
  2 water moccasin skeletons
  A howler monkey (D:6)
  3 hounds
  2 centaur skeletons (D:6)
  2 jellies (D:5)
  3 orc priests
  An orc wizard (D:4)
  A scorpion zombie (D:5)
  A killer bee zombie (D:6)
  3 hound skeletons
  8 adders
  A white imp (D:6)
  A worm (D:3)
  4 dart slugs
  13 orcs
  4 endoplasms
  6 giant cockroaches
  6 goblins
  6 hobgoblins
  A jackal (D:5)
  7 kobolds
  2 quokkas
  11 ball pythons
  7 bats
  2 frilled lizards
  4 rats
122 creatures vanquished.

Vanquished Creatures (others)
  8 plants
8 creatures vanquished.

Grand Total: 130 creatures vanquished

Notes
Turn   | Place    | Note
-------+----------+-------------------------------------------
     0 | D:1      | Strat the Palentonga Berserker began the quest for the Orb.
     0 | D:1      | Reached XP level 1. HP: 19/19 MP: 1/1
   280 | D:1      | Reached XP level 2. HP: 25/25 MP: 2/2
  1188 | D:1      | Reached XP level 3. HP: 29/31 MP: 3/3
  1571 | D:2      | Found a stormy altar of Qazlal.
  1608 | D:2      | Found a faded altar of an unknown god.
  1647 | D:2      | Reached skill level 4 in Axes
  2332 | D:2      | Reached XP level 4. HP: 37/37 MP: 4/4
  2809 | D:3      | Reached ** piety under Trog
  2938 | D:3      | Reached skill level 5 in Axes
  2967 | D:3      | Found Anasien's Armour Boutique.
  3383 | D:3      | Found a stormy altar of Qazlal.
  3684 | D:4      | Reached XP level 5. HP: 35/43 MP: 5/5
  3866 | D:4      | Reached skill level 6 in Axes
  4158 | D:4      | Noticed Pikel
  4266 | D:4      | Noticed Sigmund
  4296 | D:4      | Killed Sigmund
  4297 | D:4      | Reached XP level 6. HP: 36/50 MP: 6/6
  4912 | D:4      | Noticed Purgy
  4923 | D:4      | Killed Purgy
  5082 | D:4      | Gained mutation: You curl defensively after being hit.
                  | [Palentonga growth]
  5082 | D:4      | Reached XP level 7. HP: 55/55 MP: 7/7
  5469 | D:4      | Killed Pikel
  5470 | D:4      | Reached skill level 8 in Axes
  5470 | D:4      | Reached XP level 8. HP: 28/62 MP: 8/8
  5766 | D:5      | Entered Level 5 of the Dungeon
  6308 | D:5      | Reached skill level 9 in Axes
  6359 | D:5      | Found a staircase to the Ecumenical Temple.
  6419 | D:5      | Noticed Prince Ribbit
  6450 | D:5      | Killed Prince Ribbit
  6823 | D:5      | Reached skill level 10 in Axes
  6924 | D:5      | Noticed Blork the orc
  6943 | D:5      | Killed Blork the orc
  7382 | D:5      | Noticed a kobold demonologist
  7396 | D:5      | Noticed a smoke demon
  7396 | D:5      | Killed a kobold demonologist
  7396 | D:5      | Reached *** piety under Trog
  7397 | D:5      | Reached skill level 5 in Fighting
  7397 | D:5      | Reached XP level 9. HP: 72/72 MP: 9/9
  7635 | D:6      | Reached skill level 11 in Axes
  8044 | D:6      | Found Boghol's Gadget Gallery.
  8203 | D:7      | Noticed Joseph
  8323 | D:7      | Found Biugazum's Neck Hole.
  8372 | D:6      | HP: 1/72 [orc warrior (14)]
  8374 | D:6      | Slain by an orc warrior

Illustrated notes

Levels and vault maps discovered:
D:1:      amcnicky_arrival_single_pillar, layout_basic, kennysheep_boxes
D:2:      layout_basic, ebering_ecumenical_altar_abandoned, basic_altar,
          kennysheep_generic_room_5
D:3:      layout_loops_ring, nicolae_qazlal_eye_of_the_storm, serial_shops,
          shop, minmay_shallow_snake_nest
D:4:      layout_basic, serial_glass, glass_columns_a, glass_columns_b,
          uniq_sigmund, uniq_pikel, uniq_purgy
D:5:      minmay_razor_zed, layout_gridville, minmay_temple_entry_mini_moons,
          uniq_prince_ribbit1, uniq_blork_the_orc
D:6:      layout_rooms, minmay_splitting_lines, nicolae_shop_gadgets
D:7:      layout_basic, eino_tiny_chamber, nicolae_shop_sticking_my_neck_out,
          uniq_joseph

Skill      XL: |  1  2  3  4  5  6  7  8  9 |
---------------+----------------------------+-----
Axes           | 4 5 6 8 10 11 | 11.9
Armour         | 2 3 4 |  4.0
Fighting       | 5 |  5.0
Dodging        | |  1.6

Action                   |  1- 3 |  4- 6 |  7- 9 || total
-------------------------+-------+-------+-------++-------
Melee: Hand axe          |   122 |   106 |       ||   228
       Tailslap          |    11 |    18 |    26 ||    55
       War axe           |       |    36 |   213 ||   249
 Fire: Hunting sling     |    12 |       |    12 ||    24
Invok: Berserk           |       |     3 |     5 ||     8
 Abil: Rolling Charge    |     1 |     2 |     6 ||     9
Evoke: Wand              |       |     1 |       ||     1
  Use: Scroll            |       |     6 |     3 ||     9
Armor: Animal skin       |    41 |       |       ||    41
       Leather armour    |    19 |       |       ||    19
       Chain mail        |       |    80 |   111 ||   191
       Scale mail        |       |     3 |       ||     3
Dodge: Dodged            |    73 |    50 |    68 ||   191

Table legend: (Time is in decaauts)
 A = Elapsed time spent in this place.
 B = Non-inter-level travel time spent in this place.
 C = Inter-level travel time spent in this place.
 D = Time resting spent in this place.
 E = Time spent auto-exploring this place.
 F = Levels seen in this place.
 G = Mean time per level.
                   A        B        C        D        E       F      G
               +--------+--------+--------+--------+--------+-----+--------+
         Total |   8458 |   7936 |    522 |   1494 |   5076 |   7 | 1208.3 |
       Dungeon |   8458 |   7936 |    522 |   1494 |   5076 |   7 | 1208.3 |
               +--------+--------+--------+--------+--------+-----+--------+

Top non-repeatable levels by time:
     D:4: 1999 daAuts
     D:5: 1839 daAuts
     D:1: 1556 daAuts
     D:3: 1218 daAuts
     D:2: 1052 daAuts
     D:6: 686 daAuts
     D:7: 105 daAuts
